 Dungeon Crawl Stone Soup version 0.25-a0-940-gc6eaff51cc (webtiles) character file.

Game seed: 11244451273831098860, levelgen mode: deterministic

34317 mortelune the Spear-Bearer (level 13, -20/116 HPs)
             Began as a Centaur Hunter on May 6, 2020.
             Was the Champion of Okawaru.
             Demolished by a sphinx (24 damage)
             ... summoned by Kirke
             ... on level 5 of the Lair of Beasts.
             The game lasted 00:48:03 (26387 turns).

mortelune the Spear-Bearer (Centaur Hunter)        Turns: 26387, Time: 00:48:05

Health: -20/116    AC:  0    Str: 19    XL:     13   Next: 41%
Magic:  0/13       EV: 14    Int: 10    God:    Okawaru [******]
Gold:   1096       SH:  0    Dex: 11    Spells: 12/12 levels left

rFire    . . .     SeeInvis .   (weapon currently unavailable)
rCold    . . .     Gourm    .   (shield currently unavailable)
rNeg     . . .     Faith    .   (armour currently unavailable)
rPois    .         Spirit   +   (helmet currently unavailable)
rElec    .         Reflect  .   (cloak currently unavailable)
rCorr    .         Harm     .   (gloves currently unavailable)
MR       .....                  (no barding)
Stlth    +.........             G - amulet of guardian spirit
HPRegen  0.29/turn              (ring currently unavailable)
MPRegen  0.13/turn              (ring currently unavailable)

@: pig-form, slowed
A: small
a: Heroism, Finesse, Renounce Religion


You were on level 5 of the Lair of Beasts.
You worshipped Okawaru.
Okawaru was exalted by your worship.
You were not hungry.
You were a filthy swine.
You visited 2 branches of the dungeon, and saw 16 of its levels.
You also visited: Ossuary.

You collected 1096 gold pieces.

Inventory:

Hand Weapons
 a - the +8 longbow "Zephyr" (melded) {speed, Dex+3 SInv}
   (Okawaru gifted it to you on level 4 of the Lair of Beasts)

   Attacks with this weapon are significantly faster.
   It affects your dexterity (+3).
   It lets you see invisible.
 b - the +3 halberd "Xedan" {antimagic, Int+3 Dex+4}
   (Okawaru gifted it to you on level 3 of the Lair of Beasts)

   It reduces the magical energy of the wielder, and disrupts the spells and
   magical abilities of those hit.
   Natural abilities and divine invocations are not affected.
   It affects your intelligence (+3).
   It affects your dexterity (+4).
 c - a +1 trident of venom
Missiles
 Q - 178 arrows
Armour
 v - a +2 cloak (melded)
 B - a +0 centaur barding of fire resistance (melded)
 E - the +0 centaur barding "Ingiss" {rElec Dex+2}
   (Okawaru gifted it to you on level 11 of the Dungeon)

   It affects your dexterity (+2).
   It insulates you from electricity.
 H - the +0 ring mail of Omeysch (melded) {rC+ Str+4 Stlth+}
   (You found it on level 8 of the Dungeon)

   It affects your strength (+4).
   It protects you from cold.
   It makes you more stealthy.
 M - the +1 robe of Lilacs {rN+}
   (Okawaru gifted it to you on level 9 of the Dungeon)

   It protects you from negative energy.
 R - a +0 pair of gloves (melded)
 S - a +1 hat (melded)
Jewellery
 C - a ring of resist corrosion (melded)
 G - an amulet of guardian spirit (around neck)
 N - an uncursed ring of flight
 P - a ring of poison resistance (melded)
 Y - a +1 ring of evasion
Wands
 n - a wand of iceblast (17)
 s - a wand of flame (97)
 z - a wand of polymorph (17)
 D - a wand of digging (5)
 J - a wand of acid (7)
 W - a wand of random effects (34)
Scrolls
 e - 2 scrolls of fear
 f - a scroll of fog
 i - 2 scrolls of identify
 k - a scroll of enchant armour {unknown}
 l - 5 scrolls of amnesia {unknown}
 m - 4 scrolls of remove curse
 o - 4 scrolls of blinking {unknown}
 r - 3 scrolls of random uselessness
 t - 7 scrolls of teleportation
 y - 2 scrolls of immolation {unknown}
 A - 5 scrolls of enchant weapon
 F - 3 scrolls of torment
 K - a scroll of acquirement {unknown}
 O - 2 scrolls of noise {unknown}
 U - 2 scrolls of holy word {unknown}
 V - a scroll of magic mapping
Potions
 d - 5 potions of curing
 g - a potion of might {unknown}
 h - a potion of lignification
 j - 2 potions of brilliance
 p - 3 potions of haste
 q - 2 potions of magic
 u - a potion of stabbing
 w - 2 potions of resistance
 I - a potion of flight
 X - a potion of heal wounds
Miscellaneous
 L - a box of beasts
 T - a lightning rod (4/4)
Comestibles
 x - 31 rations
 Z - a chunk of flesh


   Skills:
 + Level 11.2 Fighting
 - Level 14.0 Polearms
 + Level 14.0 Bows
 + Level 6.1 Armour
 - Level 1.4 Dodging
 - Level 0.4 Stealth


You had 12 spell levels left.
You didn't know any spells.
Your spell library contained the following spells:

 Spells                   Type           Power        Failure   Level  Hunger
 Animate Skeleton         Necr           N/A          36%         1    ##.....
 Foxfire                  Conj/Fire      #...         36%         1    ##.....
 Magic Dart               Conj           #...         36%         1    ##.....
 Pain                     Necr           #...         36%         1    ##.....
 Blink                    Tloc           N/A          50%         2    ###....
 Call Imp                 Summ           #.......     50%         2    ###....
 Poisonous Vapours        Pois/Air       #.....       50%         2    ###....
 Slow                     Hex            #.......     50%         2    ###....
 Conjure Flame            Conj/Fire      #.......     75%         3    ####...
 Inner Flame              Hex/Fire       #.......     75%         3    ####...
 Mephitic Cloud           Conj/Pois/Air  #.......     75%         3    ####...
 Vampiric Draining        Necr           #.........   75%         3    ####...
 Animate Dead             Necr           N/A          98%         4    #####..
 Sticky Flame             Conj/Fire      #.......     98%         4    #####..
 Agony                    Necr           #.......     100%        5    ######.
 Fireball                 Conj/Fire      #.........   100%        5    ######.
 Irradiate                Conj/Tmut      #.........   100%        5    ######.
 Freezing Cloud           Conj/Ice/Air   #.........   100%        6    #######
 Hydra Form               Tmut           #.........   100%        6    #######
 Statue Form              Tmut/Erth      #........    100%        6    #######
 Dragon Form              Tmut           #.........   100%        7    #######
 Ring of Flames           Chrm/Fire      #.........   100%        7    #######


Dungeon Overview and Level Annotations

Branches:
Dungeon (11/15)            Temple (0/1) D:4            Lair (5/6) D:11
 Shoals (0/4) Lair:4        Snake (0/4) Lair:2          Orc (0/2) D:9
Ossuary (visited)
  Slime: Lair:5-6

Altars:
Dithmenos
Fedhas
Gozag
Nemelex Xobeh
Okawaru
Qazlal
Sif Muna
Uskayaw
Xom
Yredelemnul
Beogh

Annotations:
D:5 visit d4
D:10 3 runed translucent doors, Jir Puiv's ghost, journeyman DEVM
Lair:4 3 runed translucent doors, ra1n577's ghost, journeyman MiFi
Lair:5 exclusion: orange crystal statue, Kirke


Innate Abilities, Weirdness & Mutations

((You have hooves in place of feet.))
((Armour fits poorly on your strangely shaped body.))
((You cover ground very quickly.))
((You have extremely tough skin. (AC +3)))


Message History

The sphinx misses you. The sphinx hits you! The sphinx hits you.
* * * LOW HITPOINT WARNING * * *
The sphinx hits you.
* * * LOW HITPOINT WARNING * * *
The sphinx hits you.
* * * LOW HITPOINT WARNING * * *
The sphinx closely misses you. Something hits you!
* * * LOW HITPOINT WARNING * * *
Deactivating autopickup; reactivate with Ctrl-A.
Okay, then.
You feel much better. The sphinx hits you!
* * * LOW HITPOINT WARNING * * *
The sphinx hits you!
* * * LOW HITPOINT WARNING * * *
The sphinx hits you.
* * * LOW HITPOINT WARNING * * *
Something hits you.
* * * LOW HITPOINT WARNING * * *
The sphinx hits you!!
You die...

#.....#⌠.....⌠..>(.⌠.....⌠... .
....#.+........................
P..[###.....###...#.#.h..#t...$
....# ###...####.####..........
#÷..# ##..[.##.(#....#.......
#...# ###....###....##.......
#...## #.##....⌠....## .......
P...P####..##....H..### .P.....
....###......#..h{.#..# ##P....
#...# ##......###.#...# #....
###.# #.....## #.....### #...
#.### #.....# ##...h..### ##..#
##...## ##...t...#.# .#..##
#...## #.#.#.#...########
.....#
##....#######.......P#.P..
#....# #......##
#.............. ....##
#.#.....####....<.........


You could see a sphinx, 2 hogs and a crocodile (fleeing).

Vanquished Creatures
  Harold (D:6)
  6 hydras
  2 two-headed ogres (D:8)
  A fire crab (Lair:5)
  A lindwurm (Lair:1)
  2 ugly things (D:11)
  2 oklob plants (Lair:5)
  A manticore (D:11)
  A deep elf mage (D:11)
  Joseph (D:8)
  4 black mambas
  7 elephants
  Psyche (D:8)
  10 spiny frogs
  A centaur skeleton (D:7)
  A rime drake (Lair:3)
  7 komodo dragons
  A troll (D:9)
  A hornet (D:10)
  2 polar bears (Lair:2)
  7 dream sheep
  5 hippogriffs
  21 yaks
  2 wyverns
  A basilisk (Lair:4)
  2 hogs (Lair:5)
  A hungry ghost (D:10)
  8 water moccasins
  Duvessa (D:7)
  7 porcupines
  2 black bears
  A swamp drake (D:11)
  A sky beast (D:11)
  4 orc warriors
  2 phantoms
  3 ice beasts
  6 necrophages
  6 wolves
  6 ogres
  10 centaurs
  A big kobold (D:10)
  3 crocodiles
  14 bullfrogs
  Dowan (D:7)
  3 scorpions
  6 killer bees
  2 howler monkeys
  An electric eel (Lair:2)
  4 crimson imps
  A centaur zombie (Ossuary)
  3 jellies
  5 hounds
  3 bullfrog skeletons
  8 orc priests
  10 orc wizards
  An iron imp (D:11)
  Crazy Yiuf (D:2)
  8 worker ants
  An iguana (D:8)
  Terence (D:2)
  A killer bee zombie (D:9)
  A hound skeleton (D:7)
  2 mummies (Ossuary)
  A howler monkey zombie (D:5)
  2 worker ant zombies
  14 adders
  2 shadow imps
  4 oozes
  3 adder zombies
  An adder skeleton (D:7)
  2 dart slugs
  A worm (D:5)
  5 leopard geckos
  49 orcs
  3 ball pythons
  A giant cockroach (D:3)
  11 goblins
  11 hobgoblins
  9 jackals
  12 kobolds
  5 quokkas
  11 bats
  2 frilled lizards
  3 goblin zombies (Ossuary)
  9 hobgoblin zombies (Ossuary)
  A jackal zombie (D:9)
  11 kobold zombies (Ossuary)
  8 orc zombies (Ossuary)
  9 rats
  3 rat zombies (Ossuary)
  A bush (D:9)
  A plant (D:9)
425 creatures vanquished.

Vanquished Creatures (others)
  An orc wizard (D:11)
  A white imp (D:11)
  An orc (D:11)
  A kobold (D:11)
  5 fungi
  9 plants
18 creatures vanquished.

Grand Total: 443 creatures vanquished

Notes
Turn   | Place    | Note
-------+----------+-------------------------------------------
     0 | D:1      | mortelune the Centaur Hunter began the quest for the Orb.
     0 | D:1      | Reached XP level 1. HP: 17/17 MP: 1/1
   166 | D:1      | Reached XP level 2. HP: 24/25 MP: 2/2
  1156 | D:2      | Reached XP level 3. HP: 30/30 MP: 3/3
  1430 | D:2      | Reached skill level 1 in Polearms
  1560 | D:2      | Reached XP level 4. HP: 37/37 MP: 4/4
  1689 | D:2      | Noticed Terence
  1697 | D:2      | Killed Terence
  1697 | D:2      | Reached XP level 5. HP: 44/44 MP: 5/5
  2100 | D:2      | Found a runed translucent door.
  2101 | D:2      | Noticed Crazy Yiuf
  2776 | D:2      | Killed Crazy Yiuf
  2975 | D:3      | Found an iron altar of Okawaru.
  3205 | D:3      | Became a worshipper of Warmaster Okawaru
  3618 | D:3      | Reached XP level 6. HP: 50/50 MP: 6/6
  3959 | D:4      | Found a staircase to the Ecumenical Temple.
  4370 | D:4      | Found a sand-covered staircase.
  4375 | Ossuary  | Entered an ossuary
  5276 | D:4      | Reached XP level 7. HP: 36/57 MP: 7/7
  5305 | D:4      | Reached skill level 5 in Polearms
  5527 | D:5      | Entered Level 5 of the Dungeon
  5616 | D:5      | Reached * piety under Okawaru
  5896 | D:5      | Found a shadowy altar of Dithmenos.
  6083 | D:5      | Found a shimmering blue altar of Sif Muna.
  6569 | D:5      | Found a stormy altar of Qazlal.
  6569 | D:5      | Found a shimmering altar of Xom.
  6574 | D:5      | Found a basalt altar of Yredelemnul.
  6576 | D:5      | Found a faded altar of an unknown god.
  6578 | D:5      | Found a faded altar of an unknown god.
  6802 | D:6      | Reached ** piety under Okawaru
  6802 | D:6      | Reached XP level 8. HP: 56/67 MP: 8/8
  7333 | D:6      | Reached skill level 5 in Fighting
  8418 | D:7      | Reached *** piety under Okawaru
  8581 | D:7      | Reached XP level 9. HP: 67/75 MP: 9/9
  8907 | D:7      | Noticed Dowan
  8907 | D:7      | Noticed Duvessa
  8922 | D:7      | Killed Duvessa
  8951 | D:7      | Killed Dowan
  9206 | D:7      | Noticed Harold
  9824 | D:8      | Noticed Joseph
  9916 | D:8      | Noticed a two-headed ogre
  9970 | D:8      | Killed a two-headed ogre
  9970 | D:8      | Reached **** piety under Okawaru
 10088 | D:8      | Got a heavily runed ring mail
 10099 | D:8      | Identified the cursed +0 ring mail of Omeysch {rC+ Str+4
                  | Stlth+} (You found it on level 8 of the Dungeon)
 10282 | D:8      | Killed Joseph
 10282 | D:8      | Received a gift from Okawaru
 10566 | D:8      | Noticed Psyche
 10709 | D:8      | Killed Psyche
 10709 | D:8      | Reached skill level 10 in Polearms
 10709 | D:8      | Reached XP level 10. HP: 76/86 MP: 7/10
 11593 | D:9      | Noticed a two-headed ogre
 11642 | D:8      | Killed a two-headed ogre
 11642 | D:8      | Reached ***** piety under Okawaru
 11642 | D:8      | Reached skill level 10 in Bows
 11817 | D:9      | Found a blossoming altar of Fedhas.
 12127 | D:9      | Found a staircase to the Orcish Mines.
 12140 | D:9      | Found a roughly hewn altar of Beogh.
 12301 | D:9      | Found an opulent altar of Gozag.
 12362 | D:9      | Noticed a -2 dagger
 12363 | D:9      | Noticed a +0 hand axe
 12423 | D:9      | Reached skill level 1 in Armour
 12513 | D:9      | Found a sparkling altar of Nemelex Xobeh.
 12567 | D:9      | Found a hide-covered altar of Uskayaw.
 12838 | D:9      | Received a gift from Okawaru
 12849 | D:9      | Got a shadowed robe {god gift}
 12883 | D:9      | Identified the +1 robe of Lilacs {rN+} (Okawaru gifted it
                  | to you on level 9 of the Dungeon)
 12977 | D:10     | Entered Level 10 of the Dungeon
 13033 | D:10     | Found a runed translucent gate.
 13033 | D:10     | Found a runed translucent gate.
 13033 | D:10     | Found a runed translucent gate.
 13038 | D:10     | Found an opulent altar of Gozag.
 13039 | D:10     | Noticed Jir Puiv's ghost (journeyman DEVM)
 13039 | D:10     | Noticed a tengu reaver
 13040 | D:10     | Noticed a green ugly thing
 14921 | D:6      | Killed Harold
 15107 | D:10     | Reached XP level 11. HP: 94/95 MP: 9/11
 15156 | D:11     | Found a staircase to the Lair.
 15431 | D:11     | Noticed a cyan ugly thing
 15498 | D:11     | Killed a cyan ugly thing
 16032 | D:11     | Noticed a six-headed hydra
 16665 | D:11     | Killed a six-headed hydra
 17533 | D:11     | Noticed a brown ugly thing
 17576 | D:11     | Killed a brown ugly thing
 17772 | D:11     | Noticed a deep elf mage
 17784 | D:11     | Killed a deep elf mage
 18255 | Lair:1   | Entered Level 1 of the Lair of Beasts
 18584 | D:11     | Received a gift from Okawaru
 18596 | D:11     | Got a spiked centaur barding {god gift}
 18602 | D:11     | Identified the +0 centaur barding "Ingiss" {rElec Dex+2}
                  | (Okawaru gifted it to you on level 11 of the Dungeon)
 18751 | Lair:1   | Noticed a four-headed hydra
 18836 | D:11     | Killed a four-headed hydra
 19024 | D:11     | Noticed a deep elf mage
 19041 | Lair:1   | Reached XP level 12. HP: 55/106 MP: 7/12
 19122 | Lair:1   | Noticed an eight-headed hydra
 19153 | Lair:1   | Killed an eight-headed hydra
 20564 | Lair:2   | Reached skill level 10 in Fighting
 20727 | Lair:2   | Found a staircase to the Snake Pit.
 21700 | Lair:2   | Got a dazzling scimitar
 21929 | Lair:3   | Received a gift from Okawaru
 21941 | Lair:3   | Got a bloodstained halberd {god gift}
 21942 | Lair:3   | Identified the +3 halberd "Xedan" {antimagic, Int+3 Dex+4}
                  | (Okawaru gifted it to you on level 3 of the Lair of Beasts)
 21943 | Lair:3   | Identified the cursed +1 scimitar "Ficenal" {freeze, rPois
                  | Str-2 Dex+5} (You found it on level 2 of the Lair of
                  | Beasts)
 22503 | Lair:3   | Reached skill level 5 in Armour
 23595 | Lair:4   | Found a blossoming altar of Fedhas.
 23761 | Lair:4   | Found a runed translucent gate.
 23770 | Lair:4   | Found a runed translucent gate.
 23771 | Lair:4   | Found a runed translucent gate.
 23776 | Lair:4   | Noticed ra1n577's ghost (journeyman MiFi)
 24260 | Lair:4   | Found a staircase to the Shoals.
 24522 | Lair:4   | Received a gift from Okawaru
 24523 | Lair:4   | Found the +8 longbow "Zephyr" {speed, Dex+3 SInv}
 24761 | Lair:4   | Reached XP level 13. HP: 114/114 MP: 13/13
 25156 | Lair:4   | Noticed a minotaur
 25701 | Lair:5   | Received a gift from Okawaru
 25963 | Lair:5   | Reached ****** piety under Okawaru
 26149 | Lair:5   | Noticed Kirke
 26372 | Lair:5   | Noticed a sphinx
 26387 | Lair:5   | HP: 4/116 [something (4)]
 26387 | Lair:5   | Demolished by a sphinx

Levels and vault maps discovered:
D:1:      sevenhm_arrival_forest_fort_large_4, layout_basic, chequers_big_river,
          minmay_misc_feat_cross, st_stairs_8
D:2:      layout_loops_corners, first_ration, uniq_crazy_yiuf_cottage,
          uniq_terence
D:3:      layout_rooms, okawaru_ov_weapons_minmay, lexackson_kobold_supper
D:4:      layout_cave_pools, minmay_temple_entry_tees, enter_ossuary_2
D:5:      layout_basic, lemuel_round_altar, chequers_temple_overflow_minitemple,
          led_sif_pool
D:6:      layout_rooms
D:7:      layout_loops_ring, uniq_harold, uniq_duvessa
D:8:      minmay_skewed_foursquare, layout_basic, uniq_joseph, uniq_psyche
D:9:      layout_gridville, fedhas_altar_decomposition,
          nemelex_xobeh_ov_fountains_minmay, dancing_weapons_uskayaw,
          minmay_orc_entry_temple_small, basic_altar
D:10:     layout_basic, ebering_ghost_gozag
D:11:     layout_loops_ring, lair_entry_dummy, grunt_ogre_cave,
          hangedman_minor_magic
Lair:1:   layout_loops_ring, nicolae_volcano_entry_vermiform
Lair:2:   wad_woods_pond, layout_chaotic_city, dummy_snake_entry,
          gammafunk_lair_bear_cave
Lair:3:   layout_gridlike
Lair:4:   layout_cellular_growth, shoals_dummy_entry,
          maelrawn_ghost_gauntlet_escape, basic_altar
Lair:5:   layout_concentric_octagons, disabler_island, lemuel_fruit_tree,
          minmay_lair_oklob_chamber, grunt_megastairs_5, uniq_kirke

Skill      XL: |  1  2  3  4  5  6  7  8  9 10 11 12 13 |
---------------+----------------------------------------+-----
Bows           | 6 7 8 9 10 12 13 14 | 14.0
Polearms       | 2 3 4 6 8 10 11 12 13 14 | 14.0
Fighting       | 3 4 6 7 8 9 10 11 | 11.2
Armour         | 2 4 5 6 |  6.1
Dodging        | |  1.4
Stealth        | |  0.4

Action                   |  1- 3 |  4- 6 |  7- 9 | 10-12 | 13-15 || total
-------------------------+-------+-------+-------+-------+-------++-------
Melee: Short sword       |    30 |       |       |       |       ||    30
       Kick              |    14 |    68 |    52 |   202 |     6 ||   342
       Dagger            |    23 |       |       |       |       ||    23
       Spear             |    20 |   203 |       |       |       ||   223
       Trident           |       |   132 |   246 |   471 |       ||   849
       Punch             |       |       |     1 |       |       ||     1
       Halberd           |       |       |       |   108 |    12 ||   120
       Unarmed           |       |       |       |       |     1 ||     1
 Fire: Shortbow          |    35 |    52 |   113 |   400 |       ||   600
       Longbow           |       |       |       |     2 |    89 ||    91
Invok: Heroism           |       |       |     3 |     5 |     1 ||     9
       Finesse           |       |       |       |     1 |       ||     1
  Use: Scroll            |       |    10 |    10 |     3 |     1 ||    24
       Potion            |       |     2 |     3 |     1 |     2 ||     8
 Stab: Distracted        |       |       |     1 |       |       ||     1
       Sleeping          |       |       |       |     5 |       ||     5
  Eat: Chunk             |     1 |     6 |    18 |    25 |     4 ||    54
       Ration            |       |     1 |       |     3 |       ||     4
Armor: Ring mail         |    36 |   186 |    98 |   171 |     7 ||   498
       Leather armour    |     1 |       |       |       |       ||     1
       Robe              |       |       |       |    80 |       ||    80
Dodge: Dodged            |    31 |   158 |    79 |   215 |    13 ||   496

Table legend:
 A = Non-vault XP
 B = Vault XP
 C = Vault XP percentage of total XP
 D = Non-vault monster count
 E = Vault monster count
 F = Vault count percentage of total count
                 A         B        C        D         E       F
            +---------+---------+-------+---------+---------+-------
      Total |   40475 |    8550 |  17.4 |     322 |     101 |  23.9
            +---------+---------+-------+---------+---------+-------
        D:1 |      35 |       3 |   7.9 |      18 |       2 |  10.0
        D:2 |     175 |      69 |  28.3 |      36 |       2 |   5.3
        D:3 |     380 |      10 |   2.6 |      27 |       7 |  20.6
        D:4 |     272 |       0 |   0.0 |      19 |       0 |   0.0
        D:5 |     487 |       0 |   0.0 |      15 |       0 |   0.0
        D:6 |     837 |     970 |  53.7 |      11 |       1 |   8.3
        D:7 |    1084 |     219 |  16.8 |      19 |       2 |   9.5
        D:8 |    2495 |    1061 |  29.8 |      23 |       5 |  17.9
        D:9 |     892 |     788 |  46.9 |       7 |      15 |  68.2
       D:10 |    2568 |       0 |   0.0 |      25 |       0 |   0.0
       D:11 |    7466 |    1039 |  12.2 |      42 |      15 |  26.3
     Lair:1 |    2948 |     668 |  18.5 |      10 |       1 |   9.1
     Lair:2 |    3847 |     778 |  16.8 |      18 |       4 |  18.2
     Lair:3 |    4492 |       0 |   0.0 |      15 |       0 |   0.0
     Lair:4 |    4367 |       0 |   0.0 |      19 |       0 |   0.0
     Lair:5 |    8130 |    2819 |  25.7 |      18 |       8 |  30.8
    Ossuary |       0 |     126 | 100.0 |       0 |      39 | 100.0
            +---------+---------+-------+---------+---------+-------
